cohdb
Replays
Latest Replays
All Replays
Popular Replays
Top Player Replays
Match Explorer
How It Works
Community
CoH3 Stats
Reddit
Sign in to upload your games and track your stats! →
Sign in with Steam
Match 45577962
Unlisted
Match 45577962
Overview
Messages
Build Orders
End
Kradschützen Motorcycle Team
Panzerpioneer Squad
250 Light Carrier
250 Light Carrier
Construct Light Support Kompanie
MG34 Team
Panzerjäger Squad
Fire Support Elements
Panzerjäger Mechanized Group
Combat Half-tracks
Flakvierling Half-track
Construct Panzerarmee Kommand
MG34 Team
Selects Armored Support Battlegroup
Selects Salvage Kits
Selects Veteran Gunners
Panzer III L Medium Tank
Assault Grenadier Squad
Assault Mechanized Group
XuZhongwei
-CP-BlackWolf
-Wcy-
duimianshisb
Chieftain
BodyPen
elevate
71 argument
0
0
Comments
sign in to comment!
No comments posted yet!